 Dungeon Crawl Stone Soup version 0.22.1-6-g1668fe2 (webtiles) character file.

590 FitzyFitz the Covert (level 7, -3/62 HPs)
             Began as a Naga Abyssal Knight on Feb 7, 2019.
             Was a Priest of Lugonu.
             Slain by an ice beast (5 damage)
             ... on level 6 of the Dungeon.
             The game lasted 00:16:16 (5388 turns).

FitzyFitz the Covert (Naga Abyssal Knight)          Turns: 5388, Time: 00:16:17

Health: -3/62      AC:  4    Str: 20    XL:     7   Next: 38%
Magic:  7/8        EV:  9    Int: 13    God:    Lugonu [***...]
Gold:   253        SH:  0    Dex: 10    Spells: 6/6 levels left

rFire    . . .     SeeInvis +   v - +2 spear (pierce)
rCold    . . .     Gourm    .   (no shield)
rNeg     . . .     Faith    .   A - +0 leather armour (curse)
rPois    +         Spirit   .   (no helmet)
rElec    .         Reflect  .   (no cloak)
rCorr    .         Harm     .   (no gloves)
MR       .....                  (no barding)
Stlth    +++.......             r - amulet of magic regeneration
HPRegen  0.20/turn              g - +4 ring of strength
MPRegen  0.36/turn              (no ring)

@: very slow
A: large, see invisible, deformed body, poison resistance, slowness 2, slow
metabolism 1, spit poison 1, AC +2
a: Spit Poison, Depart the Abyss, Bend Space, Banish, Renounce Religion


You were on level 6 of the Dungeon.
You worshipped Lugonu.
Lugonu was most pleased with you.
You were not hungry.

You visited 1 branch of the dungeon, and saw 6 of its levels.
You visited the Abyss 1 time.

You collected 253 gold pieces.

Inventory:

Hand Weapons
 a - a +1 spear
 j - a +0 trident
 t - a +0 glaive
 v - a +2 spear of piercing (weapon)
 w - a +0 blowgun
Missiles
 h - 8 sling bullets
 i - 100 stones (quivered)
 x - 21 poisoned needles
Armour
 b - a +0 leather armour
 e - a +0 scale mail
 f - a +0 ring mail
 A - a cursed +0 leather armour (worn)
 C - a +0 chain mail
Jewellery
 g - a +4 ring of strength (left hand)
 r - an amulet of magic regeneration (around neck)
Scrolls
 m - 3 scrolls of immolation {unknown}
 n - 2 scrolls of remove curse {unknown}
 o - a scroll of fear {unknown}
 p - 6 scrolls of identify {unknown}
 y - a scroll of magic mapping {unknown}
 z - 2 scrolls of teleportation {unknown}
 B - a scroll of noise {unknown}
 D - 2 scrolls of enchant armour {unknown}
 H - a scroll of enchant weapon {unknown}
Potions
 d - a potion of degeneration {unknown}
 k - a potion of ambrosia {unknown}
 l - a potion of mutation {unknown}
 q - a potion of curing
 s - 2 potions of lignification {unknown}
 u - a potion of heal wounds {unknown}
 E - a potion of flight {unknown}
 G - a potion of berserk rage {unknown}
Comestibles
 c - 13 rations
 F - a chunk of flesh


   Skills:
 - Level 3.6 Fighting
 + Level 5.3 Polearms
 - Level 1.5 Armour
 - Level 0.7 Dodging
 - Level 8.3 Stealth
 - Level 2.0 Invocations


You had 6 spell levels left.
You didn't know any spells.
Your spell library was empty.

Dungeon Overview and Level Annotations

Branches:
Dungeon (6/15)
 Temple: D:4-7

Altars:
Fedhas
Vehumet
Zin

Annotations:
D:5 Blork the orc


Innate Abilities, Weirdness & Mutations

You cannot wear boots.
Your serpentine skin is tough. (AC +2)
You have supernaturally acute eyesight. (SInv)
Armour fits poorly on your strangely shaped body.
Your system is resistant to poisons. (rPois)
You cover ground very slowly.
You have a slow metabolism.
You can spit poison.


Message History

The ice beast is severely wounded.
The ice beast hits you. The ice beast freezes you.
You hit the ice beast.
The ice beast is almost dead.
You completely miss the ice beast.
The ice beast is almost dead.
The ice beast hits you. The ice beast freezes you!
You hit the ice beast but do no damage.
The ice beast is almost dead.
The ice beast hits you. The ice beast freezes you.
You barely miss the ice beast.
The ice beast is almost dead.
The ice beast hits you.
* * * LOW HITPOINT WARNING * * *
The ice beast freezes you!
* * * LOW HITPOINT WARNING * * *
Space bends around you!
You blink.
The ice beast hits you.
* * * LOW HITPOINT WARNING * * *
The ice beast freezes you.
You die...

#.....### ##..#..##
#......####..##...#
#..#...###.....
##....## #.###..
#....###..# #..
##........## #.
#.....Y...#
##..#..#....#
##.@##..#.....
#.##.Y###........
#...ยง.# #......##
#.##..# ...... #.
#..# >..# # #.##
###


You could see an ice beast.

Vanquished Creatures
  A bullfrog (D:6)
  A crimson imp (D:4)
  A bullfrog skeleton (D:3)
  2 orc priests
  A centaur skeleton (D:5)
  4 orc wizards
  3 worker ants (D:4)
  2 hound skeletons
  3 adders
  A howler monkey skeleton (D:5)
  An adder skeleton (D:4)
  5 worms
  A dart slug (D:4)
  3 leopard geckos
  23 orcs
  10 giant cockroaches
  11 goblins
  5 hobgoblins
  4 jackals (D:1)
  4 kobolds
  4 quokkas
  7 bats
  2 frilled lizards (D:1)
  6 rats
105 creatures vanquished.

Notes
Turn   | Place    | Note
-------+----------+-------------------------------------------
     0 | Abyss:1  | FitzyFitz the Naga Abyssal Knight began the quest for the
                  | Orb.
     0 | Abyss:1  | Reached XP level 1. HP: 21/21 MP: 2/2
    43 | D:1      | Escaped the Abyss
   131 | D:1      | Reached skill level 1 in Stealth
   141 | D:1      | Reached XP level 2. HP: 25/28 MP: 3/3
   200 | D:1      | Reached skill level 2 in Stealth
   659 | D:1      | Reached XP level 3. HP: 24/34 MP: 4/4
  1403 | D:1      | Reached skill level 3 in Stealth
  1687 | D:2      | Reached ** piety under Lugonu
  1925 | D:2      | Reached skill level 4 in Stealth
  1925 | D:2      | Reached XP level 4. HP: 2/43 MP: 5/5
  2404 | D:2      | Found a blossoming altar of Fedhas.
  2418 | D:2      | Found a glowing silver altar of Zin.
  2706 | D:3      | Reached skill level 5 in Stealth
  2706 | D:3      | Reached XP level 5. HP: 48/49 MP: 6/6
  3394 | D:3      | Reached skill level 6 in Stealth
  3403 | D:4      | Reached XP level 6. HP: 44/56 MP: 7/7
  3462 | D:4      | Reached *** piety under Lugonu
  4254 | D:4      | Reached skill level 7 in Stealth
  4478 | D:5      | Entered Level 5 of the Dungeon
  4478 | D:5      | Found a radiant altar of Vehumet.
  4582 | D:5      | Noticed Blork the orc
  4655 | D:5      | Reached XP level 7. HP: 61/62 MP: 8/8
  4815 | D:4      | HP: 3/62 [orc priest/divine providence (10)]
  4818 | D:4      | Reached skill level 5 in Polearms
  5226 | D:6      | Reached skill level 8 in Stealth
  5388 | D:6      | HP: 2/62 [ice beast (1)]
  5388 | D:6      | Slain by an ice beast

Skill      XL: |  1  2  3  4  5  6  7 |
---------------+----------------------+-----
Stealth        | 1 2 4 5 6 7 8 |  8.3
Polearms       | 3 4 5 |  5.3
Fighting       | |  3.6
Armour         | |  1.5
Dodging        | |  0.7
Invocations    | |  2.0

Action                   |  1- 3 |  4- 6 |  7- 9 || total
-------------------------+-------+-------+-------++-------
Melee: Spear             |    87 |   176 |    60 ||   323
       Trident           |    17 |    20 |       ||    37
Invok: Bend Space        |       |       |     1 ||     1
  Use: Potion            |     1 |       |     2 ||     3
 Stab: Sleeping          |     3 |    20 |       ||    23
       Invisible         |     1 |       |       ||     1
  Eat: Chunk             |     2 |     7 |     2 ||    11
Armor: Leather armour    |    15 |    24 |     9 ||    48
Dodge: Dodged            |    35 |    48 |    25 ||   108
